 Dungeon Crawl Stone Soup version 0.29-a0-414-g5075937ec3 (webtiles) character file.

Game seed: 15738421833012254305

51 trckry the Charlatan (level 3, 0/27 HPs)
             Began as a Demonspawn Wanderer on May 16, 2022.
             Was a Believer of Cheibriados.
             Slain by Robin
             ... wielding a +0 trident
              (5 damage)
             ... on level 2 of the Dungeon.
             The game lasted 00:03:32 (1562 turns).

trckry the Charlatan (Demonspawn Wanderer)          Turns: 1562, Time: 00:03:33

Health: 0/27       AC:  7    Str: 16    XL:     3   Next: 57%
Magic:  3/4        EV: 10    Int: 14    God:    Cheibriados [**....]
Gold:   16         SH:  8    Dex: 21    Spells: 2/2 levels left

rFire   + . .      SeeInvis .   a - +0 hand axe
rCold   . . .      Faith    .   b - +2 buckler
rNeg    . . .      Spirit   .   n - +2 leather armour {rF+}
rPois   .          Reflect  .   (no helmet)
rElec   .          Harm     .   (no cloak)
rCorr   .          Rampage  .   (no gloves)
Will    .....                   (no boots)
Stlth   ++........              (no amulet)
HPRegen 0.09/turn               (no ring)
MPRegen 0.09/turn               (no ring)

@: very slow
A: slimy green scales 1
a: Renounce Religion, Bend Time


You were on level 2 of the Dungeon.
You worshipped Cheibriados.
Cheibriados was pleased with you.
You visited 1 branch of the dungeon, and saw 2 of its levels.

You collected 49 gold pieces.
You spent 33 gold pieces at shops.

Inventory:

Hand Weapons
 a - a +0 hand axe (weapon)
Missiles
 j - 5 javelins
Armour
 b - a +2 buckler (worn)
 n - a +2 leather armour of fire resistance (worn)
Scrolls
 e - a scroll of fog {unknown}
 h - a scroll of amnesia {unknown}
 l - a scroll of enchant armour {unknown}
 m - a scroll of immolation {unknown}
 o - a scroll of magic mapping {unknown}
Potions
 d - 2 potions of brilliance
 f - a potion of resistance {unknown}
 g - a potion of flight {unknown}
 i - 2 potions of curing
 k - a potion of attraction {unknown}
Miscellaneous
 c - a piece from Xom's chessboard (15/15) (quivered)


   Skills:
 + Level 2.0 Fighting
 - Level 1.7 Axes
 - Level 3.6 Shields
 * Level 1.4 Invocations
 + Level 4.6 Evocations


You had 2 spell levels left.
You didn't know any spells.
Your spell library was empty.

Dungeon Overview and Level Annotations

Branches:
Dungeon (2/15)

Altars:
Cheibriados

Shops:
D:2 *

Annotations:
D:2 Robin


Innate Abilities, Weirdness & Mutations

You are partially covered in slimy green scales. (AC +2)


Message History

You kill the hobgoblin!
Cheibriados appreciates the change of pace.
You hit the hobgoblin.
The hobgoblin hits you but does no damage.
The goblin hits you with a +0 dagger. You block the hobgoblin's attack.
You take 5 damage, and have 11/27 hp.
You hit the goblin.
You kill the goblin!
Cheibriados appreciates the change of pace.
You barely miss the hobgoblin.
The hobgoblin no longer looks unusually strong.
You block the hobgoblin's attack.
You closely miss the hobgoblin. You hit the hobgoblin.
You kill the hobgoblin!
Cheibriados thoroughly appreciates the change of pace.
Robin roars a battlecry!
The hobgoblin goes into a battle-frenzy!
The hobgoblin hits you but does no damage.
You closely miss the hobgoblin.
Robin zaps a wand.
The puff of flame hits you. You resist.
* * * LOW HITPOINT WARNING * * *
The hobgoblin closely misses you. x2; You block Robin's attack.
Items here: )) ††.
You take 5 damage, and have 7/27 hp.
You hit Robin.
Robin is lightly wounded.
You closely miss the hobgoblin. Robin hits you but does no damage.
You block the hobgoblin's attack.
You closely miss Robin.
Robin is lightly wounded.
You hit the hobgoblin. Robin barely misses you.
You block the hobgoblin's attack.
You hit Robin.
Robin is heavily wounded.
You hit the hobgoblin.
Robin says, "My goblins will feast on your bones."
Robin zaps a wand.
The puff of flame hits you. You resist.
* * * LOW HITPOINT WARNING * * *
The hobgoblin barely misses you. x2; Robin hits you with a +0 trident.
You die...

.... .. ... ?. .# ...
.##.# #.# ..#.# #.#
#.#.# #.####...#
...#####g)......######
......g@.).†..?.......
.#.###########.######
######.####
##.........#
#..........#
##.........#
####.##.### ... #..#
.... ##.##


You could see Robin and a hobgoblin (strong).

Vanquished Creatures
  An ufetubus (D:2)
  3 ball pythons (D:1)
  2 endoplasms (D:1)
  3 giant cockroaches (D:1)
  9 goblins
  4 hobgoblins
  6 jackals
  A quokka (D:1)
  A bat (D:1)
  3 frilled lizards
  2 kobolds
  2 rats
37 creatures vanquished.

Notes
Turn   | Place    | Note
-------+----------+-------------------------------------------
     0 | D:1      | trckry the Demonspawn Wanderer began the quest for the Orb.
     0 | D:1      | trckry set off with the following items: a +0 hand axe, a
                  | +2 buckler, a piece from Xom's chessboard (15/15), a potion
                  | of brilliance, a +0 robe
     0 | D:1      | Reached XP level 1. HP: 13/13 MP: 1/1
     8 | D:1      | Found a faded altar of an unknown god.
    23 | D:1      | Prayed at the altar of an unknown god.
    23 | D:1      | Became a worshipper of Cheibriados the Contemplative
    23 | D:1      | Reached * piety under Cheibriados
    99 | D:1      | HP: 2/14 [goblin/+0 dagger (1)]
   104 | D:1      | Reached skill level 1 in Fighting
   398 | D:1      | Gained mutation: You are partially covered in slimy green
                  | scales. (AC +2) [demonic ancestry]
   398 | D:1      | Reached XP level 2. HP: 21/21 MP: 2/2
   644 | D:1      | Reached ** piety under Cheibriados
  1404 | D:2      | Reached XP level 3. HP: 27/27 MP: 3/3
  1507 | D:2      | Found Cymux's General Store.
  1513 | D:2      | Bought a potion of curing for 33 gold pieces
  1542 | D:2      | Noticed Robin
  1543 | D:2      | Reached skill level 1 in Invocations
  1562 | D:2      | Slain by Robin

Illustrated notes

Levels and vault maps discovered:
D:1:      minmay_arrival_four_houses, layout_basic, serial_forest,
          infiniplex_forest_lined_corner, infiniplex_forest_lined_3,
          infiniplex_forest_straight_4, infiniplex_forest_lined_3,
          infiniplex_forest_lined_room_2, infiniplex_forest_zigzag_1,
          infiniplex_forest_clump_curved, ebering_ecumenical_altar_webs,
          kennysheep_pointless_box, chequers_serial_rivers_micro_a
D:2:      layout_basic, serial_shops, shop, nicolae_underground_beach,
          uniq_robin

Skill      XL: |  1  2  3 |
---------------+----------+-----
Fighting       | 1 2 |  2.0
Invocations    | 1 |  1.4
Axes           | |  1.7
Shields        | |  3.6
Evocations     | |  4.6

Action                   || total
-------------------------++-------
Melee: Hand axe          ||   110
 Stab: Sleeping          ||     2
Armor: Robe              ||    18
       Leather armour    ||    15
Dodge: Dodged            ||    64
Block: Buckler           ||    59

Table legend: (Time is in decaauts)
 A = Elapsed time spent in this place.
 B = Non-inter-level travel time spent in this place.
 C = Inter-level travel time spent in this place.
 D = Time resting spent in this place.
 E = Time spent auto-exploring this place.
 F = Levels seen in this place.
 G = Mean time per level.
                   A        B        C        D        E       F      G
               +--------+--------+--------+--------+--------+-----+--------+
         Total |   1966 |   1935 |     31 |    261 |   1279 |   2 |  983.0 |
       Dungeon |   1966 |   1935 |     31 |    261 |   1279 |   2 |  983.0 |
               +--------+--------+--------+--------+--------+-----+--------+

Top non-repeatable levels by time:
     D:1: 1638 daAuts
     D:2: 327 daAuts
